Map: Orbital Shipyard

Players

Rain

  • Race: Protoss Protoss
  • League: Master

MCanning - Winner!

  • Race: Protoss Protoss
  • League: Grandmaster

VOD

http://www.twitch.tv/mcanning/v/33124982

Description

Time

  • Played on: Jan. 2, 2016, 1:45 a.m.
  • Length: 4:41
Show
View Real Time Build Order
Export as new Build Order

Rain Protoss 

Build Orders:  

Get SALT Encoding   

  12  0:01  Probe (Chrono Boost)  
  13  0:12  Probe (Chrono Boost)  
  14  0:18  Pylon  
  14  0:23  Probe (Chrono Boost)  
  15  0:38  Gateway  
  15  0:43  Assimilator  
  15  0:44  Probe (Chrono Boost)  
  16  0:54  Probe (Chrono Boost)  
  17  1:02  Assimilator  
  17  1:05  Probe (Chrono Boost)  
  17  1:08  Assimilator  
  18  1:15  Probe (Chrono Boost)  
  19  1:25  Cybernetics Core  
  19  1:26  Probe (Chrono Boost)  
  20  1:37  Probe (Chrono Boost)  
  20  1:38  Pylon  
  21  1:47  Probe (Chrono Boost)  
  22  2:03  Stargate  
  22  2:04  Stalker (Chrono Boost)  
  24  2:19  Mothership Core (Chrono Boost)  
  26  2:36  Gateway  
  26  2:38  Pylon  
  26  2:40  Probe (Chrono Boost)  
  27  2:48  Void Ray (Chrono Boost)  
  31  3:02  Pylon  
  31  3:07  Pylon  
  31  3:10  Pylon  
  31  3:15  Pylon  
  31  3:22  Pylon  
  28  3:27  Void Ray (Chrono Boost)  
  32  3:39  Pylon  
  32  4:01  Gateway  
Show
View Real Time Build Order
Export as new Build Order

MCanning Protoss - Winner!

Build Orders: Nexus First 

Get SALT Encoding   

  12  0:01  Probe (Chrono Boost)  
  13  0:12  Probe (Chrono Boost)  
  14  0:18  Pylon  
  14  0:22  Probe (Chrono Boost)  
  15  0:36  Probe (Chrono Boost)  
  16  0:46  Probe (Chrono Boost)  
  17  0:57  Nexus  
  18  1:08  Gateway  
  17  1:13  Assimilator  
  17  1:15  Probe (Chrono Boost)  
  18  1:26  Probe (Chrono Boost)  
  18  1:29  Gateway  
  19  1:37  Probe (Chrono Boost)  
  20  1:48  Probe (Chrono Boost)  
  21  1:56  Zealot (Chrono Boost)  
  21  1:57  Cybernetics Core  
  23  2:10  Pylon  
  23  2:19  Probe, Zealot (Chrono Boost)  
  23  2:20  Probe  
  23  2:21  Zealot (Chrono Boost)  
  29  2:33  Mothership Core (Chrono Boost)  
  29  2:34  Probe (Chrono Boost)  
  32  2:42  Stalker (Chrono Boost)  
  34  2:52  Stalker (Chrono Boost)  
  36  3:01  Pylon  
  36  3:02  Assimilator  
  36  3:07  Pylon  
  36  3:12  Stalker (Chrono Boost)  
  38  3:29  Gateway  
  38  3:31  Stalker (Chrono Boost)  
  39  3:39  Pylon  
  39  3:50  Stalker (Chrono Boost)  
  41  4:02  Stalker (Chrono Boost)  
  43  4:07  Pylon  
  43  4:09  Probe  
  44  4:11  Probe  
  45  4:24  Probe  
Tags
 
Add a new tag
Caveats
  • Supply blocks, unpowered buildings, or Contaminate may cause inaccurate times.
  • Supply counts are checked every 10 seconds.